General information
- name: BNet
- type: Ladder 1vs1/FFA
- host: Battle.net
- saver: PHTHALOBLUE
map: TurtleRock
- players: 2
- length: 18:57
- speed: Fast
- version: 1.21 W3XP
- replay type:

» download(75 KB)
Players
team 1 (winner)
PHTHALOBLUE (
pink | 184 APM | 3486 actions | 18:57)
6 Demon Hunter
3 Mana Burn
2 Evasion
1 Metamorphosis
3 Keeper of the Grove
2 Entangling Roots
1 Thorns Aura
» actions
| Assign group hotkey | 34 | |
| Basic commands | 35 | |
| Build / train | 60 | |
| ESC pressed | 2 | |
| Enter build submenu | 16 | |
| Enter hero's abilities submenu | 9 | |
| Give item / drop item | 4 | |
| Remove unit from queue | 1 | |
| Right click | 1637 | |
| Select / deselect | 320 | |
| Select group hotkey | 1274 | |
| Use ability | 94 | |
3486 total
» units
| Wisp | 10 | |
| Huntress | 4 | |
| Archer | 4 | |
| Druid of the Talon | 8 | |
| Druid of the Claw | 4 | |
30 total
» upgrades
| Ultravision | 1 | |
| Druid of the Talon Training | 2 | |
| Improved Bows | 1 | |
| Druid of the Claw Training | 2 | |
| Strength of the Wild | 1 | |
| Reinforced Hides | 1 | |
| Well Spring | 1 | |
9 total
» buildings
| Altar of Elders | 1 | |
| Moon Well | 6 | |
| Hunter's Hall | 1 | |
| Ancient of War | 1 | |
| Tree of Ages | 1 | |
| Ancient of Wind | 2 | |
| Ancient of Wonders | 1 | |
| Ancient of Lore | 2 | |
| Tree of Eternity | 1 | |
| Tree of Life | 1 | |
17 total
» build order
00:03 Altar of Elders
00:09 Moon Well
01:38 Hunter's Hall
01:50 Ancient of War
02:09 Moon Well
03:33 Tree of Ages
03:38 Moon Well
06:39 Ancient of Wind
06:43 Ancient of Wind
06:49 Ancient of Wonders
07:03 Moon Well
07:06 Moon Well
07:35 Ancient of Lore
08:00 Tree of Eternity
09:40 Ancient of Lore
10:39 Moon Well
16:56 Tree of Life
» items
| Staff of Preservation | 2 | |
| Dust of Appearance | 1 | |
| Scroll of Town Portal | 1 | |
| Orb of Venom | 1 | |
| Boots of Speed | 1 | |
6 total
team 2 (loser)
King.Cole (
red | 67 APM | 1269 actions | 18:55)
3 Blademaster
2 Wind Walk
1 Critical Strike
3 Tauren Chieftain
1 War Stomp
2 Endurance Aura
» actions
| Assign group hotkey | 3 | |
| Basic commands | 106 | |
| Build / train | 57 | |
| Enter build submenu | 15 | |
| Enter hero's abilities submenu | 6 | |
| Remove unit from queue | 1 | |
| Right click | 523 | |
| Select / deselect | 477 | |
| Select group hotkey | 9 | |
| Use ability | 72 | |
1269 total
» units
| Peon | 8 | |
| Grunt | 7 | |
| Demolisher | 1 | |
| Wind Rider | 3 | |
| Troll Witch Doctor | 4 | |
| Raider | 2 | |
| Tauren | 3 | |
28 total
» upgrades
| Berserker Strength | 1 | |
| Armor | 1 | |
| Ensnare | 1 | |
| Witch Doctor Training | 2 | |
| Envenomed Spears | 1 | |
6 total
» buildings
| Altar of Storms | 1 | |
| Orc Burrow | 5 | |
| Barracks | 1 | |
| Stronghold | 1 | |
| War Mill | 1 | |
| Voodoo Lounge | 1 | |
| Beastiary | 1 | |
| Spirit Lodge | 2 | |
| Fortress | 1 | |
| Tauren Totem | 1 | |
15 total
» build order
00:03 Altar of Storms
00:17 Orc Burrow
00:36 Barracks
01:26 Orc Burrow
02:41 Stronghold
03:34 War Mill
03:36 Orc Burrow
03:47 Voodoo Lounge
06:35 Beastiary
06:50 Spirit Lodge
07:08 Spirit Lodge
07:16 Orc Burrow
08:13 Fortress
12:00 Orc Burrow
12:32 Tauren Totem
» items
| Potion of Healing | 5 | |
| Scroll of Speed | 1 | |
| Healing Salve | 3 | |
| Lesser Clarity Potion | 1 | |
| Scroll of Healing | 1 | |
| Potion of Mana | 1 | |
12 total
Chat log
(00:11 / All) PHTHALOBLUE: gl hf
(00:22 / All) King.Cole: u too
(00:24 / All) King.Cole: where u are
(00:28 / All) King.Cole: did we cross spawn
(10:36 / All) King.Cole: fuck the staff
(10:40 / All) PHTHALOBLUE: lmao
(10:44 / All) King.Cole: god damiit
(10:49 / All) PHTHALOBLUE: yeah its pretty gay
(10:59 / All) King.Cole: \i think i got that hit off anyways
(11:00 / All) King.Cole: fuck it
(14:19 / All) King.Cole: damn i hate elf
(16:08 / All) King.Cole: chirst
(16:54 / All) King.Cole: this is gay
(16:57 / All) PHTHALOBLUE: :(
(17:02 / All) King.Cole: u got like 9 other units jus chillin at home
(17:02 / All) King.Cole: haha
(18:13 / All) King.Cole: i guess thats a good game
(18:15 / All) PHTHALOBLUE: gg
(18:21 / All) King.Cole: even tho i played near perfect and still can win
(18:24 / All) King.Cole: fuck i even got to taurens
(18:24 / All) PHTHALOBLUE: :(
(18:30 / All) King.Cole: no orc player can fuckin do that
(18:53 / All) King.Cole: gg